 Dungeon Crawl Stone Soup version 0.28-b1-25-g9875b3fc8c (webtiles) character file.

Game seed: 6792361173573708589

371 AttackBeaver the Cudgeller (level 6, 0/51 HPs)
             Began as a Minotaur Gladiator on Feb 5, 2022.
             Was an Initiate of Ru.
             Slain by a wandering mushroom (14 damage)
             ... created by the enmity of Fedhas Madash
             ... on level 5 of the Dungeon on Feb 7, 2022.
             The game lasted 00:50:48 (3097 turns).

AttackBeaver the Cudgeller (Minotaur Gladiator)     Turns: 3097, Time: 00:50:49

Health: 0/51       AC: 11    Str: 21    XL:     6   Next: 42%
Magic:  5/5        EV: 13    Int:  5    God:    Ru [......]
Gold:   66         SH:  0    Dex: 13    Spells: 5/5 levels left

rFire   . . .      SeeInvis .   k - +6 lajatang of Disintegration {vorpal, Will+}
rCold   . . .      Faith    .   (shield currently unavailable)
rNeg    . . .      Spirit   .   s - +0 chain mail
rPois   .          Reflect  .   r - +0 hat of Ganoitza {Dex+2}
rElec   .          Harm     .   x - +2 cloak
rCorr   .          Rampage  .   (no gloves)
Will    +....                   (no boots)
Stlth   ..........              (no amulet)
HPRegen 0.17/turn               j - ring "Xeqol" {EV+4 Stlth+}
MPRegen 0.09/turn               (no ring)

@: no status effects
A: horns 2, retaliatory headbutt
a: Renounce Religion


You were on level 5 of the Dungeon.
You worshipped Ru.
Ru was noncommittal.
You visited 2 branches of the dungeon, and saw 6 of its levels.

You collected 174 gold pieces.
You spent 108 gold pieces at shops.

Inventory:

Hand Weapons
 a - a +0 flail
 f - a +2 short sword of holy wrath
 k - the +6 lajatang of Disintegration (weapon) {vorpal, Will+}
   (You acquired it on level 2 of the Dungeon)

   It inflicts extra damage upon your enemies.
   Will:      It increases your willpower.
 u - a +4 spectral club
 v - a +0 long sword of electrocution
Missiles
 d - 2 throwing nets
 i - 4 javelins
Armour
 b - a +0 leather armour
 c - a +0 hat
 m - a +0 ring mail
 p - a +0 scale mail
 r - the +0 hat of Ganoitza (worn) {Dex+2}
   (You acquired it on level 3 of the Dungeon)

   Dex:       It affects your dexterity (+2).
 s - a +0 chain mail (worn)
 x - a +2 cloak (worn)
Jewellery
 j - the ring "Xeqol" (left hand) {EV+4 Stlth+}
   (You acquired it on level 3 of the Dungeon)

   [ring of evasion]

   EV:        It affects your evasion (+4).
   Stlth:     It makes you more stealthy.
Wands
 t - a wand of iceblast (7) (quivered)
 y - a wand of acid (7)
Scrolls
 e - a scroll of holy word
 g - 2 scrolls of enchant weapon
 l - a scroll of teleportation
 q - a scroll of brand weapon {unknown}
 w - a scroll of silence {unknown}
Potions
 h - 2 potions of mutation {unknown}
 n - a potion of curing {unknown}
 o - a potion of attraction {unknown}


   Skills:
 + Level 3.5 Fighting
 + Level 3.1 Short Blades
 + Level 4.8(5.5) Maces & Flails
 + Level 4.1(5.2) Staves
 + Level 2.1 Throwing
 + Level 1.3 Armour
 + Level 3.9 Dodging
 + Level 0.2 Stealth
 + Level 0.6 Invocations


You had 5 spell levels left.
You didn't know any spells.
Your spell library was empty.

Dungeon Overview and Level Annotations

Branches:
Dungeon (5/15)             Temple (1/1) D:4

Altars:
Ashenzari
Cheibriados
Fedhas
Gozag
Hepliaklqana
Nemelex Xobeh
Ru
Uskayaw
Vehumet
Xom
Zin
The Shining One
Lugonu

Shops:
D:4 *

Annotations:
D:5 exclusion: oklob plant


Innate Abilities, Weirdness & Mutations

You have a pair of horns on your head.
You reflexively headbutt those who attack you in melee.


Message History

You bump into the rock wall.
You bump into the rock wall.
You feel less confused. The oklob plant spits acid at you.
The splash of acid hits you!!
Ouch! That really hurt!
* * * LOW HITPOINT WARNING * * *
You don't know any spells.
Aiming: Iceblast
Press: ? - help, Q - select action, (/) - cycle Shift-Dir - straight line, f - wandering mushroom
Aim: a wandering mushroom (durably summoned)
The mass of ice explodes!
The iceblast engulfs the wandering mushroom.
The wandering mushroom is lightly damaged.
You don't know any spells.
Aiming: Iceblast
Press: ? - help, Q - select action, (/) - cycle Shift-Dir - straight line, f/p - wandering mushroom
Aim: a wandering mushroom (durably summoned)
The mass of ice explodes!
The iceblast engulfs the wandering mushroom!
The wandering mushroom is moderately damaged.
Found 9 gold pieces.
The wandering mushroom releases spores at you but does no damage.
You hit the wandering mushroom.
The wandering mushroom is moderately damaged.
The wandering mushroom releases spores at you.
* * * LOW HITPOINT WARNING * * *
You are engulfed in a cloud of spores!
You hit the wandering mushroom but do no damage.
The wandering mushroom is moderately damaged.
The wandering mushroom releases spores at you.
* * * LOW HITPOINT WARNING * * *
You are engulfed in a cloud of spores!
You slash the wandering mushroom!
The wandering mushroom is heavily damaged.
The wandering mushroom misses you.
You slash the wandering mushroom!
The wandering mushroom is almost destroyed.
The wandering mushroom releases spores at you!
You die...

##........# #.........
#......# #......#
#...#..# #...#..#
#...#..# ###...##
#....@.# #....f.#
#....ff# #......#
##.....###### .
######....>......####...
#.....................#
##.###.......###..###+#
#.# #.......# ##f#


You could see 3 wandering mushrooms.

Vanquished Creatures
  An oklob plant (D:5)
  A phantom (D:4)
  A water moccasin skeleton (D:2)
  A jelly (D:4)
  An orc priest (D:4)
  Ijyb (D:3)
  An orc wizard (D:4)
  A hound skeleton (D:4)
  4 adders
  A worm (D:4)
  A dart slug (D:1)
  6 orcs (D:4)
  5 bats
  8 endoplasms
  5 giant cockroaches
  7 hobgoblins
  6 jackals
  3 quokkas
  4 ball pythons
  2 frilled lizards
  3 goblins
  7 kobolds
  5 rats
  A spectral kobold (D:4)
76 creatures vanquished.

Vanquished Creatures (collateral kills)
  An orc (D:3)
1 creature vanquished.

Grand Total: 77 creatures vanquished

Notes
Turn   | Place    | Note
-------+----------+-------------------------------------------
     0 | D:1      | AttackBeaver the Minotaur Gladiator began the quest for the
                  | Orb.
     0 | D:1      | Reached XP level 1. HP: 18/18 MP: 0/0
   115 | D:1      | Reached XP level 2. HP: 25/25 MP: 1/1
   424 | D:1      | Found a faded altar of an unknown god.
   437 | D:1      | Prayed at the altar of an unknown god.
   437 | D:1      | Became a worshipper of Fedhas Madash
   437 | D:1      | Reached * piety under Fedhas
   676 | D:2      | Reached XP level 3. HP: 18/30 MP: 2/2
   705 | D:2      | Reached skill level 1 in Short Blades
   705 | D:2      | Reached XP level 4. HP: 22/38 MP: 3/3
   810 | D:2      | Identified 3 scrolls of acquirement
   810 | D:2      | Acquired the +6 lajatang of Disintegration {vorpal, Will+}
  1356 | D:3      | Found a broken altar of Ashenzari.
  1361 | D:3      | Reached ** piety under Fedhas
  1395 | D:3      | Acquired the +0 hat of Ganoitza {Dex+2}
  1407 | D:3      | Acquired the ring "Xeqol" {EV+4 Stlth+}
  1681 | D:3      | Noticed Ijyb
  1687 | D:3      | Killed Ijyb
  1703 | D:3      | Reached XP level 5. HP: 37/45 MP: 1/4
  1920 | D:4      | Found Mauhev's Assorted Antiques.
  1931 | D:4      | Bought a scroll labelled IRO QUUGUDWU for 18 gold pieces
  1931 | D:4      | Bought a scroll labelled FOPSOPTAIFA for 18 gold pieces
  1977 | D:4      | Reached skill level 1 in Armour
  2053 | D:4      | Reached skill level 1 in Staves
  2192 | D:4      | Found a staircase to the Ecumenical Temple.
  2201 | Temple   | Entered the Ecumenical Temple
  2299 | Temple   | Fell from the grace of Fedhas
  2299 | Temple   | Became a worshipper of Ru the Awakened
  2493 | D:4      | Noticed a phantom
  2532 | D:4      | Reached XP level 6. HP: 50/51 MP: 5/5
  2800 | D:4      | Found a hazy altar of Hepliaklqana.
  2945 | D:4      | Bought an encrusted gold wand for 72 gold pieces
  2979 | D:5      | Entered Level 5 of the Dungeon
  3042 | D:5      | Noticed a wandering mushroom
  3042 | D:5      | Noticed a wandering mushroom
  3042 | D:5      | Noticed a wandering mushroom
  3042 | D:5      | Noticed an oklob plant
  3042 | D:5      | Noticed an oklob plant
  3042 | D:5      | Noticed a wandering mushroom
  3045 | D:5      | Killed an oklob plant
  3097 | D:5      | Slain by a wandering mushroom

Illustrated notes

Levels and vault maps discovered:
D:1:      onia_arrival_pyramid, layout_rooms, nicolae_ecumenical_snake_handling,
          palyth_stone_intersect
D:2:      layout_rooms
D:3:      layout_basic, mainiacjoe_overflow_concentric_impassable,
          serial_curves, eino_curves_03, eino_curves_02, eino_curves_02,
          eino_curves_02, uniq_ijyb
D:4:      layout_cave_pools, nicolae_hepliaklqana_monster_ancestors,
          minmay_temple_entry_butterflies, serial_shops,
          nicolae_shop_overgrown_old_shop, grunt_tough_drop
D:5:      nicolae_cairo_tiling_very_big, layout_basic,
          nicolae_overflow_hallway_of_the_gods,
          mainiacjoe_overflow_six_doors_small, uniq_crazy_yiuf_cottage
Temple:   corrupted_temple

Skill      XL: |  1  2  3  4  5  6 |
---------------+-------------------+-----
Maces & Flails | 4 |  4.8
Fighting       | 3 |  3.5
Short Blades   | 1 2 3 |  3.1
Armour         | 1 |  1.3
Staves         | 3 4 |  4.1
Throwing       | |  2.1
Dodging        | |  3.9
Stealth        | |  0.2
Invocations    | |  0.6

Action                   |  1- 3 |  4- 6 || total
-------------------------+-------+-------++-------
Melee: Short sword       |    50 |     8 ||    58
       Headbutt          |     8 |    11 ||    19
       Flail             |     3 |       ||     3
       Punch             |     1 |       ||     1
       Lajatang          |       |    72 ||    72
Throw: Throwing net      |       |     1 ||     1
Invok: Wall of Briars    |       |     2 ||     2
Evoke: Wand              |       |     4 ||     4
  Use: Scroll            |       |     7 ||     7
Armor: Leather armour    |     8 |     6 ||    14
       Scale mail        |       |     5 ||     5
       Ring mail         |       |     2 ||     2
       Chain mail        |       |    15 ||    15
Dodge: Dodged            |    32 |    33 ||    65
